 Dungeon Crawl Stone Soup version 0.31-a0-699-g830162fb6c (webtiles) character file.

Game seed: 10571251576765270092

758 qw the Skirmisher (level 7, -4/44 HPs)
             Began as a Gargoyle Hunter on Sept 7, 2023.
             Slain by an orc
             ... wielding a +0 hand axe
              (5 damage)
             ... on level 5 of the Dungeon.
             The game lasted 00:01:31 (3423 turns).

qw the Skirmisher (Gargoyle Hunter)                 Turns: 3423, Time: 00:01:32

Health: -4/44      AC:  8    Str: 14    XL:     7   Next: 80%
Magic:  7/7        EV: 12    Int: 10    God:
Gold:   235        SH:  0    Dex: 15    Spells: 6/6 levels left

rFire   . . .        Y - +1 shortbow
rCold   . . .        (shield currently unavailable)
rNeg    + + .        f - +1 robe {rN+}
rPois   inf          (no helmet)
rElec   +            (no cloak)
rCorr   .            g - +0 pair of gloves
SInv    .            (no boots)
Will    .....        (no amulet)
Stlth   ++           (no ring)
HPRegen 0.27/turn    (no ring)
MPRegen 0.10/turn

%: no passive effects
@: no status effects
A: sickness immunity, AC +4, negative energy resistance 1, electricity
resistance, torment resistance 1, petrification resistance
a: no special abilities


You were on level 5 of the Dungeon.
You visited 1 branch of the dungeon, and saw 5 of its levels.

You collected 235 gold pieces.


Innate Abilities, Weirdness & Mutations

You are immune to sickness and miasma.
Your stone body is resilient. (AC +4)
You are immune to poison.
You resist negative energy. (rN+)
You are resistant to electric shocks. (rElec)
You are resistant to unholy torment.
You are immune to petrification.


   Skills:
 - Level 5.1 Fighting
 - Level 8.0 Ranged Weapons
 + Level 0.6 Armour
 - Level 2.1 Dodging
 - Level 1.1 Stealth


You had 6 spell levels left.
You didn't know any spells.
Your spell library was empty.

Inventory:

Hand Weapons
 Y - a +1 shortbow (weapon)
Armour
 a - a +0 ring mail
 c - a +0 leather armour
 f - a +1 robe of positive energy (worn)
 g - a +0 pair of gloves (worn)
Scrolls
 h - a scroll of identify
Potions
 d - a potion of resistance
 k - a potion of haste {unknown}

Dungeon Overview and Level Annotations

Branches:
Dungeon (5/15)
 Temple: D:4-7

Altars:
Dithmenos
Zin


Message History

The orc hits you but does no damage. Something completely misses you.
The adder bites you but does no damage.
You shoot an arrow. The arrow closely misses the adder.
The arrow closely misses the orc.
The orc throws a stone.
The stone closely misses you. The orc hits you with a +0 hand axe.
Something hits you. The adder closely misses you.
You shoot an arrow. The arrow closely misses the adder.
The arrow hits the orc.
The orc is almost dead.
The adder bites you but does no damage. The orc closely misses you.
Something hits you.
An adder comes into view.
The adder bites you but does no damage.
You shoot an arrow. The arrow hits the adder.
The adder is heavily wounded.
The orc hits you with a +0 hand axe. Something hits you but does no damage.
The adder barely misses you.
You shoot an arrow. The arrow misses the adder.
The arrow closely misses the orc.
The orc closely misses you. Something hits you.
The adder completely misses you.
You shoot an arrow. The arrow hits the adder.
The adder is almost dead.
You hear some strange, mumbled words.
A puff of flame appears from out of thin air!
The puff of flame hits you! The orc hits you but does no damage.
The adder bites you but does no damage.
You shoot an arrow.
The arrow hits the adder but does no damage.
The adder is almost dead.
The adder bites you but does no damage.
The orc throws a stone.
The orc hits you but does no damage. Something hits you.
The adder bites you but does no damage.
You shoot an arrow. The arrow closely misses the adder.
The arrow hits the orc.
You kill the orc!
Something hits you but does no damage. The orc closely misses you.
The adder bites you but does no damage.
You shoot an arrow. The arrow closely misses the adder.
The arrow barely misses the orc.
Something barely misses you. The orc hits you with a +0 hand axe.
You die...

#.7~~.~~.~~..#
#.~~~~~~~~~P.# ....
#.~~.~~~~~~P.# ....
..7~P~~~~~~P~P# .....
...P~~.~~~~~..######)....
...7~~~~~~~P###.........
.##..P..PP..# #ooS......
########### #{oh....#
#@SoS...# #####+###


You could see a black bear, 3 adders and 4 orcs.

Vanquished Creatures
  Grinder (D:4)
  Menkaure (D:5)
  A hound (D:4)
  An orc priest (D:3)
  Jessica (D:2)
  2 iguanas (D:4)
  3 orc wizards
  4 gnolls
  11 adders
  2 worms
  3 dart slugs
  14 orcs
  6 ball pythons
  8 endoplasms
  2 giant cockroaches (D:1)
  3 goblins (D:1)
  5 hobgoblins
  A quokka (D:1)
  3 bats
  A frilled lizard (D:1)
  7 kobolds
  5 rats
85 creatures vanquished.

Notes
Turn   | Place    | Note
-------+----------+-------------------------------------------
     0 | D:1      | qw the Gargoyle Hunter began the quest for the Orb.
     0 | D:1      | Reached XP level 1. HP: 12/12 MP: 1/1
     0 | D:1      | 0 ||| qw: Version: 0.3-a-76-g4403597
     0 | D:1      | 0 ||| qw: Game counter: 427
     0 | D:1      | 0 ||| qw: Melee chars always use a shield: true
     0 | D:1      | 0 ||| qw: God list: Okawaru
     0 | D:1      | 0 ||| qw: Allow faded altars: false
     0 | D:1      | 0 ||| qw: Do Orc after clearing Dungeon:15 true
     0 | D:1      | 0 ||| qw: Do second Lair branch before Depths: true
     0 | D:1      | 0 ||| qw: Lair rune preference: random
     0 | D:1      | 0 ||| qw: Goals: Normal
     0 | D:1      | 0 ||| PLANNING D:1-11
    88 | D:1      | Found a faded altar of an unknown god.
    95 | D:1      | Reached XP level 2. HP: 16/17 MP: 2/2
   375 | D:1      | Reached skill level 5 in Ranged Weapons
   375 | D:1      | Reached XP level 3. HP: 11/21 MP: 3/3
   838 | D:1      | 838 ||| READING scroll labelled JEAGAQE AKLUFUO.
   839 | D:1      | 839 ||| READING scroll labelled SIENOUM ZOBEUC.
   840 | D:1      | 840 ||| READING scroll labelled WAQ KUAZETY.
   845 | D:1      | 845 ||| DROPPING scroll of butterflies.
   855 | D:2      | 855 ||| STAIRDANCE
   861 | D:2      | 861 ||| STAIRDANCE
   871 | D:2      | Found a glowing silver altar of Zin.
   957 | D:2      | Reached skill level 3 in Fighting
   989 | D:2      | Reached XP level 4. HP: 21/28 MP: 4/4
  1106 | D:2      | Noticed Jessica
  1107 | D:2      | 1107 ||| Stepping ~*~*~tactically~*~*~ (outnumbered).
  1109 | D:2      | 1109 ||| Stepping ~*~*~tactically~*~*~ (outnumbered).
  1111 | D:2      | 1111 ||| Stepping ~*~*~tactically~*~*~ (outnumbered).
  1113 | D:2      | 1113 ||| Stepping ~*~*~tactically~*~*~ (outnumbered).
  1124 | D:2      | Killed Jessica
  1397 | D:2      | 1397 ||| READING scroll labelled CAFISAENWU.
  1398 | D:2      | 1398 ||| DRINKING 2 fuming purple potions.
  1399 | D:2      | 1399 ||| DROPPING potion of brilliance.
  1588 | D:3      | Reached XP level 5. HP: 32/32 MP: 5/5
  1630 | D:3      | 1630 ||| Stepping ~*~*~tactically~*~*~ (outnumbered).
  1632 | D:3      | 1632 ||| Stepping ~*~*~tactically~*~*~ (outnumbered).
  1650 | D:3      | HP: 6/32 [orc priest/nerve-wracking pain (5)]
  1652 | D:3      | Reached skill level 6 in Ranged Weapons
  1922 | D:3      | Found a shadowy altar of Dithmenos.
  1924 | D:3      | 1924 ||| READING 2 scrolls labelled SYVEJU PUUGRYI.
  1925 | D:3      | 1925 ||| READING scroll labelled TIUGOOT MUQEO.
  2291 | D:3      | 2291 ||| UPGRADING to +1 robe of positive energy.
  2301 | D:3      | 2301 ||| READING scroll labelled TYEDAY HOAG.
  2321 | D:3      | 2321 ||| READING scroll labelled YVVILEGH GYTEP.
  2322 | D:3      | 2322 ||| READING 2 scrolls labelled HORCHA DAIC.
  2323 | D:3      | 2323 ||| DROPPING scroll of vulnerability.
  2324 | D:3      | 2324 ||| DROPPING scroll of fear.
  2569 | D:4      | Reached XP level 6. HP: 38/38 MP: 6/6
  2613 | D:4      | Found a glowing silver altar of Zin.
  3001 | D:4      | 3001 ||| UPGRADING to +0 pair of gloves.
  3006 | D:4      | 3006 ||| DROPPING amulet of magic regeneration.
  3007 | D:4      | 3007 ||| READING scroll labelled DEOC UGETIKIS.
  3008 | D:4      | 3008 ||| DRINKING 2 coppery potions.
  3009 | D:4      | 3009 ||| READING 3 scrolls of identify.
  3009 | D:4      | 3009 ||| IDENTIFYING bubbling coppery potion
  3010 | D:4      | 3010 ||| READING 2 scrolls of identify.
  3010 | D:4      | 3010 ||| IDENTIFYING murky blue potion
  3059 | D:5      | Entered Level 5 of the Dungeon
  3066 | D:5      | 3066 ||| STAIRDANCE
  3068 | D:4      | 3068 ||| DRINKING potion of curing.
  3068 | D:4      | 3068 ||| (to cure confusion)
  3071 | D:5      | 3071 ||| STAIRDANCE
  3081 | D:5      | Noticed Grinder
  3082 | D:5      | 3082 ||| STAIRDANCE
  3108 | D:5      | 3108 ||| STAIRDANCE
  3133 | D:5      | 3133 ||| STAIRDANCE
  3148 | D:4      | Killed Grinder
  3149 | D:4      | Reached skill level 7 in Ranged Weapons
  3149 | D:4      | Reached XP level 7. HP: 39/43 MP: 7/7
  3169 | D:5      | 3169 ||| STAIRDANCE
  3293 | D:5      | Reached skill level 8 in Ranged Weapons
  3374 | D:5      | 3374 ||| FLEEEEING.
  3375 | D:5      | 3375 ||| RETREATING.
  3376 | D:5      | 3376 ||| Stepping ~*~*~tactically~*~*~ (retreating).
  3379 | D:5      | 3379 ||| Stepping ~*~*~tactically~*~*~ (retreating).
  3380 | D:5      | 3380 ||| Stepping ~*~*~tactically~*~*~ (retreating).
  3381 | D:5      | 3381 ||| Stepping ~*~*~tactically~*~*~ (retreating).
  3382 | D:5      | HP: 7/43 [iguana (11)]
  3383 | D:5      | 3383 ||| READING scroll of teleportation.
  3384 | D:5      | 3384 ||| DRINKING potion of heal wounds.
  3385 | D:5      | 3385 ||| Stepping ~*~*~tactically~*~*~ (retreating).
  3388 | D:5      | Noticed Menkaure
  3389 | D:5      | 3389 ||| RETREATING.
  3403 | D:5      | Killed Menkaure
  3420 | D:5      | HP: 2/44 [something/puff of flame (10)]
  3423 | D:5      | Slain by an orc

Levels and vault maps discovered:
D:1:      nzn_arrival_depleted_hourglass, layout_basic,
          ebering_ecumenical_altar_rust, serial_rivers,
          chequers_serial_rivers_large_b, chequers_serial_rivers_micro_e,
          chequers_serial_rivers_large_a, chequers_serial_rivers_small_a,
          hangedman_decor_points, minmay_door_square
D:2:      layout_basic, basic_altar, uniq_jessica
D:3:      layout_loops_ring, nicolae_dithmenos_through_a_glass_darkly,
          minmay_misc_feat_more_columns, grunt_decor_resistance,
          chequers_serial_rivers_micro_d, minmay_shallow_snake_nest
D:4:      layout_basic, mainiacjoe_overflow_alcove_1, serial_glass,
          glass_columns_c, glass_columns_b
D:5:      layout_basic, serial_bayou_pond_b, kennysheep_nub,
          grunt_ministairs_14, uniq_menkaure, uniq_grinder

Skill      XL: |  1  2  3  4  5  6  7 |
---------------+----------------------+-----
Ranged Weapons | 5 6 7 8 |  8.0
Fighting       | 3 4 5 |  5.1
Dodging        | 2 |  2.1
Armour         | |  0.6
Stealth        | |  1.1

Action                     |  1- 3 |  4- 6 |  7- 9 || total
---------------------------+-------+-------+-------++-------
   Fire: Shortbow          |    81 |   181 |    95 ||   357
    Use: Scroll            |     3 |     9 |     1 ||    13
         Potion            |       |     3 |     1 ||     4
 Armour: Leather armour    |    31 |    25 |       ||    56
         Robe              |       |    37 |    87 ||   124
  Dodge: Dodged            |    13 |    63 |    49 ||   125

Table legend:
 A = Non-vault XP
 B = Vault XP
 C = Vault XP percentage of total XP
 D = Non-vault monster count
 E = Vault monster count
 F = Vault count percentage of total count
                 A         B        C        D         E       F
            +---------+---------+-------+---------+---------+-------
      Total |     566 |     518 |  47.8 |      77 |       8 |   9.4
            +---------+---------+-------+---------+---------+-------
        D:1 |      54 |       0 |   0.0 |      23 |       0 |   0.0
        D:2 |      50 |      37 |  42.5 |      14 |       1 |   6.7
        D:3 |      61 |      18 |  22.8 |       8 |       4 |  33.3
        D:4 |     276 |     294 |  51.6 |      19 |       2 |   9.5
        D:5 |     125 |     169 |  57.5 |      13 |       1 |   7.1
            +---------+---------+-------+---------+---------+-------
